 Dungeon Crawl Stone Soup version 0.30-a0-743-gbfdf073431 (webtiles) character file.

Game seed: 9252733326321677243

89705 ragingrage the Scorcher (level 15, 0/132 HPs)
             Began as a Pale Draconian Cinder Acolyte on Feb 7, 2023.
             Was an Initiate of Ashenzari.
             Slain by a fire elemental (9 damage)
             ... created by the fiery vengeance of Ignis
             ... on level 1 of the Shoals on Feb 8, 2023.
             The game lasted 00:59:45 (38340 turns).

ragingrage the Scorcher (DrCA)                     Turns: 38340, Time: 00:59:46

Health: 0/132      AC: 18    Str: 25    XL:     15   Next: 50%
Magic:  18/23      EV: 17    Int: 24    God:    Ashenzari [......]
Gold:   632        SH: 10    Dex:  5    Spells: 2/24 levels left

rFire   . . .      SeeInvis +    a - +7 hand axe "Bonogamn" {elec, +Blink Str+8 Int-2 Dex-2}
rCold   . . .      Faith    .    S - +1 buckler {rN+}
rNeg    + . .      Spirit   .    (body armour unavailable)
rPois   .          Reflect  +    T - +2 hat "Gaze Upon Infinity" {Comp, Elem} (curse)
rElec   +          Harm     .    h - +3 cloak of the Wary Deaths {rElec Will- Int+5 SInv}
rCorr   .          Rampage  .    g - +1 pair of gloves of Gohileda {rC+}
Will    .....                    i - +0 pair of boots
Stlth   +++                      o - amulet of reflection
HPRegen 0.42/turn                E - +5 ring of evasion
MPRegen 0.18/turn                G - ring of fire

@: studying 2 skills, fire susceptible
A: breathe steam, AC +9, unfitting armour, cold-blooded, steam resistance, sense
surroundings 2
a: Breathe Steam, Renounce Religion, Evoke Blink, Shatter the Chains


You were on level 1 of the Shoals.
You worshipped Ashenzari.
Ashenzari was noncommittal.
You visited 5 branches of the dungeon, and saw 22 of its levels.
You also visited: Sewer and Volcano.

You collected 2626 gold pieces.
You spent 1994 gold pieces at shops.

Inventory:

Hand Weapons
 a - the +7 hand axe "Bonogamn" (weapon) {elec, +Blink Str+8 Int-2 Dex-2}
   (You bought it in a shop on level 8 of the Dungeon)

   Str:       It affects your strength (+8).
   Int:       It affects your intelligence (-2).
   Dex:       It affects your dexterity (-2).
   +Blink:    It lets you blink.
 b - a +2 whip of electrocution
Missiles
 d - 3 atropa-tipped darts
 j - 6 datura-tipped darts
 v - 47 poisoned darts
 w - a curare-tipped dart
 N - 3 throwing nets
Armour
 g - the +1 pair of gloves of Gohileda (worn) {rC+}
   (You acquired it on level 11 of the Dungeon)

   rC:        It protects you from cold.
 h - the +3 cloak of the Wary Deaths (worn) {rElec Will- Int+5 SInv}
   (You found it on level 2 of the Dungeon)

   Int:       It affects your intelligence (+5).
   rElec:     It insulates you from electricity.
   SInv:      It lets you see invisible.
   Will:      It decreases your willpower.
 i - a +0 pair of boots (worn)
 S - a +1 buckler of positive energy (worn)
 T - the cursed +2 hat "Gaze Upon Infinity" (worn) {Comp, Elem}
   (You found it on level 12 of the Dungeon)

   It has a curse which improves the following skills: Companions: Summonings
   and Necromancy.
   Elements:  Fire Magic, Ice Magic, Air Magic and Earth Magic.
Jewellery
 o - an amulet of reflection (around neck)
 E - a +5 ring of evasion (left hand)
 G - a ring of fire (right hand)
Wands
 p - a wand of charming (1)
 F - a wand of polymorph (2)
 M - a wand of digging (4)
 P - a wand of flame (7)
Scrolls
 f - a scroll of brand weapon
 k - 2 scrolls of magic mapping
 l - a scroll of teleportation
 m - 3 scrolls of fog
 y - 3 scrolls of enchant weapon
 A - 2 scrolls of vulnerability
 D - a scroll of enchant armour
 O - 2 scrolls of silence
 Q - a scroll of blinking
 U - a scroll of poison
Potions
 c - a potion of heal wounds
 e - 6 potions of flight
 n - 2 potions of attraction
 r - a potion of might
 s - 2 potions of cancellation
 t - 4 potions of haste
 u - 3 potions of mutation
 x - 3 potions of resistance
 z - 3 potions of lignification
 B - 3 potions of brilliance
 K - a potion of invisibility
 L - a potion of magic
 R - 7 potions of curing
Miscellaneous
 q - a lightning rod (1/4)
 J - a box of beasts (inert)


   Skills:
 + Level 12.0 Fighting
 - Level 3.0(8.3) Axes
 - Level 12.0(12.1) Maces & Flails
 + Level 7.5 Dodging
 - Level 6.0 Stealth
 + Level 4.4 Shields
 + Level 5.4 Spellcasting
 + Level 10.0 Conjurations
 - Level 4.0 Translocations
 - Level 15.0(15.3) Fire Magic
 - Level 3.0(3.3) Ice Magic
 - Level 8.0(8.4) Air Magic
 + Level 7.8 Evocations


You had 2 spell levels left.
You knew the following spells:

 Your Spells              Type           Power      Damage    Failure   Level
a - Scorch                Fire           100%       2d10      1%          2
b - Fireball              Conj/Fire      39%        3d16      1%          5
c - Airstrike             Air            23%        2d(4-20)  3%          4
d - Starburst             Conj/Fire      39%        6d11      9%          6
e - Ozocubu's Armour      Ice            22%        N/A       9%          3
f - Blink                 Tloc           50%        N/A       3%          2

Your spell library contained the following spells:

 Spells                   Type           Power      Damage    Failure   Level
 Apportation              Tloc           50%        N/A       1%          1
 Foxfire                  Conj/Fire      100%       2x1d9     1%          1
 Magic Dart               Conj           100%       1d8       1%          1
 Shock                    Conj/Air       100%       1d9       1%          1
 Momentum Strike          Conj/Tloc      80%        3d10      1%          2
 Lesser Beckoning         Tloc           50%        N/A       3%          2
 Necrotise                Necr           24%        1d5       11%         1
 Summon Small Mammal      Summ           24%        N/A       11%         1
 Call Imp                 Summ           6%         N/A       16%         2
 Hailstorm                Conj/Ice       38%        3d9       1%          3
 Swiftness                Air            47%        N/A       1%          3
 Sticky Flame             Conj/Fire      79%        2d9       1%          4
 Mephitic Cloud           Conj/Pois/Air  36%        N/A       2%          3
 Ignite Poison            Fire/Tmut/Pois 46%        N/A       4%          3
 Gell's Gravitas          Tloc           25%        N/A       6%          3
 Teleport Other           Tloc           25%        N/A       6%          3
 Call Canine Familiar     Summ           6%         N/A       32%         3
 Summon Guardian Golem    Hex/Summ       6%         N/A       32%         3
 Ice Form                 Ice/Tmut       14%        N/A       47%         4
 Olgreb's Toxic Radiance  Pois           6%         N/A       71%         4
 Ignition                 Fire           44%        3d13      78%         8
 Simulacrum               Ice/Necr       7%         N/A       100%        6
 Ozocubu's Refrigeration  Ice            11%        4d9       100%        7


Dungeon Overview and Level Annotations

Branches:
Dungeon (13/15)            Temple (1/1) D:4            Lair (5/5) D:9
 Shoals (1/4) Lair:3        Snake (0/4) Lair:3        Slime (0/5) Lair:5
    Orc (2/2) D:10            Elf (0/3) Orc:2        Vaults (0/5) D:13
  Sewer (visited)         Volcano (visited)

Altars:
Ashenzari
Cheibriados
Dithmenos
Elyvilon
Fedhas
Gozag
Hepliaklqana
Kikubaaqudgha
Makhleb
Nemelex Xobeh
Okawaru
Qazlal
Ru
Sif Muna
Trog
Uskayaw
Vehumet
Wu Jian
Xom
Yredelemnul
Zin
The Shining One
Jiyva

Shops:
D:8 ((((:   D:9 (   D:12 (*   Orc:2 =(**   Shoals:1 :

Portals:
Hell: Lair:5
Pandemonium: Orc:2

Annotations:
D:13 5 exclusions
Lair:2 exclusion: downstairs
Lair:3 3 runed translucent doors, Nabski's ghost, journeyman TeFE


Innate Abilities, Weirdness & Mutations

You can breathe blasts of scalding, opaque steam.
Your pale cyan-grey scales are hard. (AC +9)
You cannot fit into any form of body armour.
You are cold-blooded and may be slowed by cold attacks.
You are immune to the effects of steam.
You passively map the area around you.


Message History

You feel much better. You block the fire elemental's attack.
The fire elemental closely misses you. x2; The fire elemental hits you.
The fire elemental burns you!
* * * LOW HITPOINT WARNING * * *
You barely miss the fire elemental.
The fire elemental is moderately damaged.
You hit the fire elemental. The fire elemental hits you.
The fire elemental burns you!
* * * LOW HITPOINT WARNING * * *
The fire elemental closely misses you.
Aiming: Thunderbolt
Press: ? - help, Shift-Dir - straight line, f/p - fire elemental
Aim: a fire elemental (moderately damaged, durably summoned)
The thunderbolt hits the fire elemental.
The fire elemental resists.
The fire elemental is heavily damaged.
The fire elemental hits you. The fire elemental burns you!
* * * LOW HITPOINT WARNING * * *
You block the fire elemental's attack. The fire elemental barely misses you.
You block the fire elemental's attack.
Aiming: Thunderbolt
Press: ? - help, Shift-Dir - straight line, f/p - fire elemental
Aim: a fire elemental (heavily damaged, durably summoned)
The thunderbolt hits the fire elemental.
The fire elemental resists.
The fire elemental is severely damaged.
The fire elemental closely misses you. The fire elemental misses you.
Aiming: Thunderbolt
Press: ? - help, Shift-Dir - straight line, f - fire elemental, p - fire elemental
Aim: a fire elemental (almost destroyed, durably summoned)
The thunderbolt hits the fire elemental.
The fire elemental resists.
The fire elemental is severely damaged.
The thunderbolt hits the fire elemental!
The fire elemental resists.
You destroy the fire elemental!
That felt strangely unrewarding.
You hear a screech!
The fire elemental hits you. The fire elemental burns you!
You die...

~ ~ ~≈≈≈≈≈~~~..,...~~.~~≈~~. ~ ~
≈≈≈≈.....###...~..≈≈~~~ ~ ~
~≈≈≈.....##.~~~~.~≈≈~~~ ~ ~
....(....).~~~~~~≈≈≈~~~ ~
~.~...##....~~~~~~≈≈≈~~~ ~ ~.>..
##.....~~~~≈≈≈~~~ ~~~ ~ ~~.
#○...~~≈≈~~~~~~~ ~
~~~~.####.°..)~~~~~~~~~~ ~
~~~.....@E~~.~~~~~§..~...
~........~~~~~~~~....~~. ~ ~
~~~~.##...~~~~~~~..###.[~ ~~~~
#.~~)~~~~~~~.## ##.~ ~
~~~~~~~~~~~≈≈~~~.# #(~ ~ ~ ~
~~~~≈≈~~~≈≈~~~.# ##.≈ ~ ~
~~~~~~~≈≈≈≈≈≈≈~~~## ##..≈
≈≈≈~~~~~~~~~~~~≈≈≈≈≈≈~~.###...~
~≈≈≈≈≈≈~~~~~~~~~~~~≈≈≈≈~~~~~..#).


You could see a fire elemental.

Vanquished Creatures
  Kirke (Lair:4)
  Aizul (Shoals:1)
  A merfolk impaler (Shoals:1)
  An ettin (Orc:1)
  8 hydras
  A demonspawn (Orc:2)
  2 centaur warriors
  A merfolk aquamancer (Shoals:1)
  An alligator snapping turtle (Shoals:1)
  2 dancing weapons (D:13)
  10 two-headed ogres
  5 orc high priests (Orc:2)
  3 death yaks (D:9)
  2 catoblepae
  A tengu warrior (D:13)
  A sun demon (Orc:2)
  5 skeletal warriors
  A sixfirhy (Lair:5)
  A sea snake (Shoals:1)
  5 orc knights
  A wizard (Lair:5)
  7 orc sorcerers (Orc:2)
  A cyclops (D:13)
  2 oklob plants (Lair:5)
  A lindwurm (Lair:3)
  8 ugly things
  5 elephants
  2 manticores (Shoals:1)
  A smoke demon (Lair:5)
  2 rust devils (Orc:2)
  A torpor snail (Lair:4)
  3 black mambas
  2 water nymphs
  10 cane toads
  4 rime drakes (Lair:5)
  An unseen horror (D:11)
  Psyche (D:11)
  A freezing wraith (D:13)
  A tengu conjurer (D:13)
  3 ice devils (Lair:5)
  5 komodo dragons
  3 polar bears
  5 merfolk (Shoals:1)
  7 trolls
  2 red devils (Lair:5)
  4 hornets
  2 wind drakes (Shoals:1)
  7 dream sheep
  20 blink frogs
  A snapping turtle (Shoals:1)
  4 slime creatures
  3 shadows
  4 wyverns
  5 water elementals (Shoals:1)
  5 basilisks (Lair:3)
  A chaos spawn (Orc:2)
  3 wraiths
  60 yaks
  3 fire elementals (Shoals:1)
  7 hogs (Lair:4)
  4 steam dragons
  6 vampire mosquitoes
  Grum (D:10)
  3 wargs
  Menkaure (D:7)
  An acid dragon (D:13)
  8 water moccasins
  2 hell hounds
  A black bear (D:7)
  32 orc warriors
  2 ice beasts (D:5)
  2 sky beasts
  A black bear (shapeshifter) (D:13)
  7 ogres
  24 wolves
  7 centaurs
  7 kobold brigands
  Blork the orc (D:6)
  5 bullfrogs
  2 necrophages
  A scorpion (D:5)
  3 gnoll sergeants
  10 wights
  18 killer bees
  4 electric eels
  5 howler monkeys
  23 orc priests
  5 hounds
  3 iguanas
  15 orc wizards
  11 gnolls
  5 adders
  A shadow imp (D:6)
  3 white imps
  2 ufetubi (D:6)
  A worm (D:2)
  A dart slug (D:4)
  61 orcs
  12 bats
  12 endoplasms
  7 giant cockroaches
  17 goblins
  8 hobgoblins
  4 jackals (D:1)
  A quokka (D:3)
  13 ball pythons
  5 frilled lizards
  32 kobolds
  15 rats
  A butterfly (Lair:2)
677 creatures vanquished.

Vanquished Creatures (collateral kills)
  A hydra (Lair:2)
  An orange demon (Orc:2)
  A yaktaur (Volcano)
  An ice devil (Lair:5)
  A slime creature (D:11)
  A hell hound (Lair:5)
  An orc warrior (Orc:2)
  A centaur (Volcano)
  2 orcs (D:3)
  A foxfire (Lair:4)
11 creatures vanquished.

Vanquished Creatures (others)
  A vampire mosquito (D:13)
  A wolf (Lair:2)
  A kobold brigand (Sewer)
  An electric eel (D:13)
  2 orc wizards
  A gnoll (D:11)
  An orc (D:3)
  21 foxfires (Lair:4)
  52 fungi
  78 plants
159 creatures vanquished.

Grand Total: 847 creatures vanquished

Notes
Turn   | Place    | Note
-------+----------+-------------------------------------------
     0 | D:1      | ragingrage the Draconian Cinder Acolyte began the quest for
                  | the Orb.
     0 | D:1      | Reached XP level 1. HP: 19/19 MP: 2/2
   170 | D:1      | Reached XP level 2. HP: 24/26 MP: 3/3
   275 | D:1      | Reached skill level 1 in Stealth
   418 | D:1      | HP: 1/26 [frozen (5)]
   682 | D:1      | Reached XP level 3. HP: 26/31 MP: 4/4
   685 | D:1      | Learned a level 2 spell: Scorch
  1163 | D:2      | Identified the +3 cloak of the Wary Deaths {rElec Will-
                  | Int+5 SInv}
  1900 | D:2      | Reached XP level 4. HP: 38/38 MP: 2/5
  2293 | D:3      | Reached skill level 4 in Fire Magic
  2666 | D:3      | Reached XP level 5. HP: 45/45 MP: 1/6
  3079 | D:3      | Found a sparkling altar of Nemelex Xobeh.
  3382 | D:4      | Found a sacrificial altar of Ru.
  3383 | D:4      | Found a white marble altar of Elyvilon.
  3570 | D:4      | Noticed an ogre
  3575 | D:4      | Killed an ogre
  3576 | D:4      | Reached skill level 5 in Maces & Flails
  3576 | D:4      | Reached skill level 5 in Fire Magic
  3576 | D:4      | Reached XP level 6. HP: 41/51 MP: 0/7
  3681 | D:4      | Found a staircase to the Ecumenical Temple.
  3743 | Temple   | Entered the Ecumenical Temple
  4574 | D:5      | Entered Level 5 of the Dungeon
  4574 | D:5      | Noticed an ice beast
  4578 | D:5      | Killed an ice beast
  4579 | D:5      | Your scales start taking on a pale cyan-grey colour.
  4579 | D:5      | Reached skill level 6 in Fire Magic
  4579 | D:5      | Reached XP level 7. HP: 44/57 MP: 1/8
  4579 | D:5      | Gained mutation: You are immune to the effects of steam.
                  | [Pale Draconian growth]
  5425 | D:5      | Reached XP level 8. HP: 63/63 MP: 9/9
  5759 | D:6      | Found a glowing drain.
  5817 | Sewer    | Entered a sewer
  6205 | Sewer    | Reached skill level 10 in Maces & Flails
  6472 | D:6      | Noticed Blork the orc
  6480 | D:6      | Killed Blork the orc
  7036 | D:7      | Reached XP level 9. HP: 66/70 MP: 1/10
  7480 | D:7      | Noticed Menkaure
  7690 | D:7      | Killed Menkaure
  8145 | D:8      | Found Mudgh's Weapon Shop.
  8147 | D:8      | Found Avviz's Antique Weapon Emporium.
  8204 | D:8      | Reached skill level 1 in Dodging
  8214 | D:8      | Reached skill level 7 in Fire Magic
  8415 | D:8      | Reached XP level 10. HP: 79/80 MP: 7/14
  8485 | D:8      | Found Silolal's Weapon Emporium.
  8491 | D:8      | Found Foxath's Weapon Emporium.
  8498 | D:8      | Reached skill level 5 in Fighting
  8635 | D:8      | Found Unwiumuc's Book Boutique.
  8819 | D:8      | Reached skill level 1 in Evocations
  8832 | D:8      | Reached skill level 8 in Fire Magic
  9702 | D:9      | Reached skill level 9 in Fire Magic
 10059 | D:9      | Found an ancient bone altar of Kikubaaqudgha.
 10123 | D:9      | Noticed a death yak
 10124 | D:9      | Noticed a death yak
 10154 | D:9      | Noticed a death yak
 10205 | D:9      | Killed a death yak
 10206 | D:9      | Reached skill level 10 in Fire Magic
 10220 | D:9      | Killed a death yak
 10417 | D:9      | Found a staircase to the Lair.
 10533 | D:8      | Bought a book of Fire for 300 gold pieces
 10539 | D:8      | Learned a level 5 spell: Fireball
 10695 | D:9      | Found Tautyr's Weapon Emporium.
 10741 | D:9      | Killed a death yak
 10742 | D:9      | Reached skill level 1 in Conjurations
 10742 | D:9      | Reached XP level 11. HP: 94/94 MP: 4/15
 10923 | D:10     | Entered Level 10 of the Dungeon
 10995 | D:10     | Noticed a two-headed ogre
 11004 | D:10     | Noticed Grum
 11008 | D:10     | Killed a two-headed ogre
 11014 | D:10     | Killed Grum
 11226 | D:10     | Found a staircase to the Orcish Mines.
 11473 | D:10     | Noticed a two-headed ogre
 11481 | D:10     | Killed a two-headed ogre
 11482 | D:10     | Reached skill level 11 in Fire Magic
 12460 | D:11     | Noticed a two-headed ogre
 12470 | D:11     | Killed a two-headed ogre
 12537 | Orc:1    | Entered Level 1 of the Orcish Mines
 12726 | D:11     | Reached skill level 12 in Fire Magic
 13210 | D:11     | Noticed a two-headed ogre
 13218 | D:11     | Killed a two-headed ogre
 13219 | D:11     | Reached skill level 5 in Conjurations
 13219 | D:11     | Reached XP level 12. HP: 105/105 MP: 11/16
 13451 | D:11     | Noticed Psyche
 13456 | D:11     | Killed Psyche
 13669 | D:11     | Reached skill level 13 in Fire Magic
 13744 | D:11     | Identified a scroll of acquirement
 13745 | D:11     | Acquired the +1 pair of gloves of Gohileda {rC+}
 14007 | D:11     | Learned a level 4 spell: Airstrike
 14105 | D:12     | Found Pawairu's Antique Weapon Emporium.
 14185 | Lair:1   | Entered Level 1 of the Lair of Beasts
 14544 | Lair:1   | Reached skill level 1 in Air Magic
 14582 | Lair:1   | Reached skill level 10 in Fighting
 15446 | Lair:2   | Noticed an eight-headed hydra
 15692 | Lair:2   | You fall into a shaft and drop 1 floor!
 15838 | Lair:2   | Found a bloodstained altar of Trog.
 16135 | Lair:2   | Reached skill level 5 in Air Magic
 16206 | Lair:2   | Found a dark tunnel.
 16211 | Volcano  | Entered a volcano
 16394 | Volcano  | Noticed a centaur warrior
 16400 | Volcano  | Killed a centaur warrior
 16620 | Volcano  | Noticed a red draconian
 17235 | Lair:2   | Learned a level 6 spell: Starburst
 17466 | Lair:2   | Killed an eight-headed hydra
 17577 | Lair:2   | Reached XP level 13. HP: 110/113 MP: 10/17
 19434 | Lair:3   | Found a staircase to the Shoals.
 19445 | Lair:3   | Found a staircase to the Snake Pit.
 19545 | Lair:3   | Found a runed translucent gate.
 19545 | Lair:3   | Found a runed translucent gate.
 19546 | Lair:3   | Found a runed translucent gate.
 19546 | Lair:3   | Noticed Nabski's ghost (journeyman TeFE)
 21022 | Lair:4   | Reached skill level 5 in Dodging
 21938 | Lair:4   | Noticed Kirke
 21945 | Lair:4   | Killed Kirke
 22022 | Lair:5   | Entered Level 5 of the Lair of Beasts
 22295 | Lair:4   | Reached skill level 14 in Fire Magic
 22996 | Lair:5   | Found a viscous altar of Jiyva.
 22998 | Lair:5   | Found a staircase to the Slime Pits.
 23346 | Lair:5   | Reached XP level 14. HP: 124/124 MP: 16/21
 23520 | Lair:5   | Reached skill level 5 in Evocations
 23748 | Lair:4   | Reached skill level 5 in Spellcasting
 23935 | Lair:5   | Learned a level 3 spell: Ozocubu's Armour
 24405 | Lair:5   | Reached skill level 5 in Stealth
 24472 | Lair:5   | Reached skill level 1 in Ice Magic
 25079 | Lair:5   | Found a burning altar of Makhleb.
 25085 | Lair:5   | Found a gateway to Hell.
 26576 | Orc:1    | Reached skill level 1 in Shields
 26803 | Orc:2    | Entered Level 2 of the Orcish Mines
 26836 | Orc:1    | Learned a level 2 spell: Blink
 27541 | Orc:2    | Found a staircase to the Elven Halls.
 27741 | Orc:2    | Gained mutation: You occasionally lose the ability to read
                  | scrolls when taking damage. [a neqoxec]
 27791 | Orc:2    | Lost mutation: You occasionally lose the ability to read
                  | scrolls when taking damage. [potion of mutation]
 27791 | Orc:2    | Gained mutation: You have sharp fingernails. [potion of
                  | mutation]
 27791 | Orc:2    | Gained mutation: You occasionally lose the ability to read
                  | scrolls when taking damage. [potion of mutation]
 27792 | Orc:2    | Lost mutation: You have sharp fingernails. [potion of
                  | mutation]
 27792 | Orc:2    | Lost mutation: You occasionally lose the ability to read
                  | scrolls when taking damage. [potion of mutation]
 27792 | Orc:2    | Gained mutation: Your spells are a little easier to cast,
                  | but a little less powerful. [potion of mutation]
 27793 | Orc:2    | Lost mutation: Your spells are a little easier to cast, but
                  | a little less powerful. [potion of mutation]
 27793 | Orc:2    | Gained mutation: Your muscles are strong. (Str +4, Int/Dex
                  | -1) [potion of mutation]
 27793 | Orc:2    | Gained mutation: Your spells are a little easier to cast,
                  | but a little less powerful. [potion of mutation]
 27794 | Orc:2    | Lost mutation: Your spells are a little easier to cast, but
                  | a little less powerful. [potion of mutation]
 27794 | Orc:2    | Lost mutation: Your muscles are strong. (Str +4, Int/Dex
                  | -1) [potion of mutation]
 27794 | Orc:2    | Gained mutation: You passively map a small area around you.
                  | [potion of mutation]
 27794 | Orc:2    | Gained mutation: You passively map the area around you.
                  | [potion of mutation]
 28025 | Orc:2    | Reached skill level 1 in Translocations
 28732 | Orc:2    | Found Louvvurph's General Store.
 28973 | Orc:2    | Found Vuacuw's General Store.
 29072 | Orc:2    | Bought a scroll of teleportation for 39 gold pieces
 29076 | Orc:2    | Bought a scroll of blinking for 112 gold pieces
 29076 | Orc:2    | Bought a potion of brilliance for 60 gold pieces
 29076 | Orc:2    | Bought a wand of roots (2) for 72 gold pieces
 29447 | Orc:2    | Paralysed by an orc sorcerer for 3 turns
 30416 | Orc:2    | Paralysed by an orc sorcerer for 3 turns
 31316 | Orc:2    | Found Daoffy's Jewellery Shop.
 31316 | Orc:2    | Found Hialeohe's Antique Weapon Boutique.
 31318 | Orc:2    | Found a one-way gate leading to the halls of Pandemonium.
 31327 | Orc:2    | Bought a twisted long sword for 187 gold pieces
 31327 | Orc:2    | Identified the +1 long sword "Giant's Toothpick" {freeze,
                  | Str+3 SInv} (You bought it in a shop on level 2 of the
                  | Orcish Mines)
 31560 | D:8      | Bought a smoking hand axe for 184 gold pieces
 31560 | D:8      | Identified the +7 hand axe "Bonogamn" {elec, +Blink Str+8
                  | Int-2 Dex-2} (You bought it in a shop on level 8 of the
                  | Dungeon)
 31993 | D:13     | Reached XP level 15. HP: 128/132 MP: 16/22
 32215 | D:13     | HP: 9/198 [+4 long sword (11)]
 32839 | D:12     | Found Kobob's Overcharged Wands.
 33305 | D:11     | Reached skill level 1 in Axes
 33966 | D:12     | Found Pawairu's Antique Weapon Emporium.
 34118 | D:12     | Found Kobob's Overcharged Wands.
 35147 | D:13     | Found a gate to the Vaults.
 35258 | D:13     | Identified the +0 dagger "Draconian's Bane" {spect, rF- rC+
                  | rN+ Int+3}
 36278 | Temple   | Fell from the grace of Ignis
 36278 | Temple   | Became a worshipper of Ashenzari the Shackled
 36607 | Shoals:1 | Entered Level 1 of the Shoals
 36952 | Shoals:1 | Found a frozen archway.
 36958 | Shoals:1 | Reached skill level 15 in Fire Magic
 36958 | Shoals:1 | Noticed Aizul
 37193 | Shoals:1 | Reached skill level 10 in Conjurations
 37304 | Shoals:1 | Killed Aizul
 37586 | Shoals:1 | Found Xatzeih's Self-Improvement Boutique.
 37796 | Shoals:1 | Bought a manual of Fighting for 1040 gold pieces
 38340 | Shoals:1 | Slain by a fire elemental

Illustrated notes

Levels and vault maps discovered:
D:1:      dpeg_arrival_lava_altar, layout_loops_ring, serial_bayou_pond_b
D:2:      layout_loops_ring, st_stairs_7
D:3:      layout_rooms, general_overflow_altar
D:4:      layout_gridville, amethyst_overflow_temple_binary,
          minmay_temple_entry_mini_moons
D:5:      layout_basic
D:6:      layout_rooms, portal_sewer_entry_a, serial_bayou_pond_c,
          uniq_blork_the_orc
D:7:      layout_cave_pools, uniq_menkaure
D:8:      layout_rooms, serial_shops, shop, shop, kennysheep_mini_moat, shop,
          nicolae_shop_bloodbath_and_beyond
D:9:      layout_cave_pods, mainiacjoe_overflow_chevrons, dpeg_lair_monsters,
          serial_shops, shop
D:10:     layout_loops_corners, erik_orc_3, uniq_grum
D:11:     layout_cross, serial_bayou_lake_a, uniq_psyche
D:12:     layout_stronghold, serial_shops, shop, nicolae_shop_overcharged_wands
D:13:     nzn_winding_woodlands_stair_trap [nzn_winding_woodlands_5x15_zeroes,
          nzn_winding_woodlands_5x15_crooked,
          nzn_winding_woodlands_5x15_river_crossing,
          nzn_winding_woodlands_15x15_killbox,
          nzn_winding_woodlands_5x15_garden, nzn_winding_woodlands_5x15_pool,
          nzn_winding_woodlands_5x15_pockets], layout_loops_corners,
          erik_vaults_1, st_stairs_11, minmay_rotating_lava
Temple:   compressed_dpeg_circular_temple
Lair:1:   layout_gridlike, serial_bayou_shore_a, serial_bayou_shore_b,
          lemuel_fruit_fields
Lair:2:   layout_cave_pods, nicolae_volcano_entry_s_turn, lemuel_centaur_altar,
          grunt_megastairs_4, serial_bayou_shore_b, lemuel_fruit_fields,
          lemuel_fruit_tree
Lair:3:   layout_hall_layers, nicolae_shoals_entry_flooding, dummy_snake_entry,
          ebering_ghost_rock_garden, minivault_27,
          chequers_serial_rivers_micro_c, kennysheep_basilisk_garden,
          grunt_megastairs_1
Lair:4:   layout_cave_shapes, uniq_kirke
Lair:5:   evil_forest, layout_loops_ring, minmay_slime_entry_oklob_enclosed,
          serial_bayou_pond_d, grunt_megastairs_3
Shoals:1: layout_shoals, portal_ice_cave_entry_ugly_swarm,
          nicolae_shop_self_help, uniq_aizul
Orc:1:    layout_caves, basic_altar, roderic_batcave,
          hellmonk_guarded_unrand_dark_maul
Orc:2:    pf_orc_diabolical, layout_caves, nicolae_orc_damp_corner

Skill      XL: |  1  2  3  4  5  6  7  8  9 10 11 12 13 14 15 |
---------------+----------------------------------------------+-----
Stealth        | 1 2 4 6 |  6.0
Fire Magic     | 4 5 6 7 10 12 13 14 15 | 15.0
Maces & Flails | 4 5 8 10 12 | 12.0
Dodging        | 2 4 5 6 7 |  7.5
Fighting       | 4 7 9 10 11 12 | 12.0
Spellcasting   | 3 4 5 |  5.4
Evocations     | 2 4 6 7 |  7.8
Conjurations   | 1 5 7 8 9 10 | 10.0
Air Magic      | 7 8 |  8.0
Ice Magic      | 3 |  3.0
Shields        | 2 4 |  4.4
Translocations | 3 4 |  4.0
Axes           | 3 |  3.0

Action                     |  1- 3 |  4- 6 |  7- 9 | 10-12 | 13-15 || total
---------------------------+-------+-------+-------+-------+-------++-------
  Melee: Mace              |   117 |    84 |       |       |       ||   201
         Tailslap          |     6 |    14 |    13 |    80 |    87 ||   200
         Punch             |     1 |       |       |     6 |     5 ||    12
         Whip              |       |    14 |   121 |   451 |   403 ||   989
         Hand axe          |       |       |       |       |   146 ||   146
  Throw: Dart              |       |     1 |       |    14 |     5 ||    20
   Cast: Scorch            |    20 |    54 |    98 |   202 |   275 ||   649
         Fireball          |       |       |       |    15 |    82 ||    97
         Starburst         |       |       |       |       |    77 ||    77
         Airstrike         |       |       |       |       |    22 ||    22
         Ozocubu's Armour  |       |       |       |       |     4 ||     4
 Invoke: Fiery Armour      |       |       |       |     1 |     1 ||     2
         Foxfire Swarm     |       |       |       |       |     1 ||     1
         Curse Item        |       |       |       |       |     1 ||     1
Ability: Breathe Steam     |       |       |    28 |    35 |    55 ||   118
  Evoke: Wand              |       |       |       |    16 |     5 ||    21
         Box of beasts     |       |       |       |     2 |     4 ||     6
         Lightning rod     |       |       |       |     3 |    12 ||    15
    Use: Scroll            |       |     7 |     6 |    14 |     9 ||    36
         Potion            |       |       |       |     3 |    14 ||    17
   Stab: Sleeping          |     2 |       |       |       |     1 ||     3
         Distracted        |       |       |       |       |     1 ||     1
 Armour: Skin              |    68 |    42 |    39 |   151 |   221 ||   521
  Dodge: Dodged            |   107 |    67 |    57 |   206 |   294 ||   731
  Block: Other             |       |       |    39 |    91 |    57 ||   187
         Reflection        |       |       |     2 |     5 |     7 ||    14
         Buckler           |       |       |       |       |   130 ||   130

Table legend: (Time is in decaauts)
 A = Elapsed time spent in this place.
 B = Non-inter-level travel time spent in this place.
 C = Inter-level travel time spent in this place.
 D = Time resting spent in this place.
 E = Time spent auto-exploring this place.
 F = Levels seen in this place.
 G = Mean time per level.
                   A        B        C        D        E       F      G
               +--------+--------+--------+--------+--------+-----+--------+
         Total |  38069 |  35202 |   2867 |  11044 |  17952 |  24 | 1586.2 |
       Dungeon |  18863 |  16763 |   2100 |   3619 |  10300 |  13 | 1451.0 |
        Temple |    267 |     96 |    171 |      0 |     78 |   1 |  267.0 |
          Lair |  10933 |  10415 |    518 |   4209 |   4401 |   5 | 2186.6 |
        Shoals |   1571 |   1571 |      0 |    650 |    446 |   1 | 1571.0 |
  Orcish Mines |   5333 |   5255 |     78 |   2262 |   2223 |   2 | 2666.5 |
         Sewer |    671 |    671 |      0 |     48 |    502 |   1 |  671.0 |
       Volcano |    429 |    429 |      0 |    255 |      0 |   1 |  429.0 |
               +--------+--------+--------+--------+--------+-----+--------+

Top non-repeatable levels by time:
   Orc:2: 4073 daAuts
  Lair:4: 3151 daAuts
    D:12: 2266 daAuts
  Lair:3: 2260 daAuts
  Lair:2: 2056 daAuts
    D:13: 2050 daAuts
  Lair:5: 1982 daAuts
    D:10: 1976 daAuts
     D:9: 1887 daAuts
    D:11: 1723 daAuts
Shoals:1: 1571 daAuts
  Lair:1: 1482 daAuts
     D:4: 1422 daAuts
     D:2: 1326 daAuts
   Orc:1: 1260 daAuts
